Map: Vaani Research Station (Void)

Players

Reynor

  • Race: Zerg Zerg
  • League: Grandmaster
  • Spawn Location: 6:00

LiquidMaNa (MaNa) - Winner!

  • Race: Protoss Protoss
  • League: Grandmaster
  • Spawn Location: 12:00

Event: NationWars IV

VOD

Have the link to the VOD?

Description

Time

  • Played on: Jan. 5, 2017, 12:22 p.m.
  • Length: 12:50

All games in this series

Show
View Real Time Build Order
Export as new Build Order

Reynor Zerg 

Build Orders: Hatch First 

Get SALT Encoding   

  12  0:01  Drone  
  13  0:13  Overlord  
  13  0:18  Drone  
  14  0:31  Drone x2  
  16  0:36  Drone  
  17  0:54  Hatchery  
  17  0:56  Drone  
  17  0:59  Drone  
  17  1:03  Extractor  
  17  1:07  Drone  
  18  1:18  Spawning Pool  
  18  1:22  Drone  
  18  1:29  Drone  
  19  1:39  Overlord  
  19  1:51  Drone  
  20  2:05  Queen x2  
  20  2:06  Metabolic Boost  
  24  2:09  Drone  
  24  2:11  Zergling x2  
  26  2:16  Drone  
  26  2:17  Drone  
  28  2:23  Drone  
  29  2:30  Drone  
  30  2:39  Hatchery  
  30  2:43  Drone  
  30  2:46  Zergling x2  
  30  2:49  Overlord  
  31  2:52  Zergling x2  
  31  2:55  Drone  
  33  3:00  Drone  
  34  3:05  Overlord  
  34  3:10  Drone  
  35  3:15  Overlord, Drone  
  36  3:23  Queen  
  36  3:24  Overlord  
  38  3:27  Zergling x6  
  38  3:32  Drone  
  38  3:33  Drone x2  
  43  3:37  Queen  
  45  3:42  Overlord  
  45  3:47  Zergling x2  
  46  3:52  Drone  
  46  3:53  Roach Warren  
  46  3:56  Spore Crawler  
  46  3:57  Drone  
  46  4:03  Drone x3  
  46  4:05  Drone  
  46  4:08  Spore Crawler  
  49  4:13  Zergling x6  
  52  4:17  Spore Crawler  
  52  4:23  Drone  
  52  4:24  Drone  
  52  4:30  Drone x2  
  55  4:31  Overlord  
  55  4:34  Roach x2  
  55  4:37  Roach  
  61  4:38  Zergling x2  
  61  4:39  Zergling x2  
  61  4:42  Drone x2  
  65  4:46  Roach  
  65  4:47  Roach  
  65  4:50  Roach  
  65  4:52  Roach  
  73  4:54  Drone  
  73  4:58  Roach  
  76  5:01  Overlord  
  76  5:03  Roach  
  76  5:04  Drone  
  81  5:07  Roach  
  81  5:09  Drone  
  82  5:19  Zergling x2  
  76  5:22  Drone  
  76  5:24  Drone x4  
  76  5:25  Drone x4  
  76  5:28  Drone  
  80  5:31  Roach  
  80  5:32  Drone  
  80  5:34  Drone  
  84  5:40  Ravager, Drone x3  
  84  5:42  Drone  
  89  5:47  Overlord  
  89  5:49  Overlord  
  89  5:53  Overlord  
  89  5:58  Overlord  
  89  6:05  Zergling x4  
  89  6:07  Drone x2  
  89  6:08  Overlord, Drone  
  89  6:10  Drone x2  
  96  6:12  Drone  
  96  6:14  Drone, Queen  
  96  6:16  Drone  
  96  6:17  Drone x2  
  100  6:22  Overlord  
  100  6:23  Drone x2  
  102  6:26  Lair  
  102  6:27  Drone  
  102  6:29  Drone  
  102  6:31  Drone x2  
  106  6:34  Extractor  
  106  6:36  Overlord, Evolution Chamber  
  106  6:37  Drone x2  
  106  6:40  Drone x2  
  106  6:41  Drone  
  108  6:50  Drone x2  
  108  6:53  Drone x2  
  108  6:54  Drone  
  106  6:57  Drone  
  106  6:59  Extractor, Drone x2  
  106  7:00  Queen  
  110  7:02  Zerg Melee Weapons Level 1  
  110  7:03  Zergling x2  
  110  7:04  Extractor, Zergling x2, Queen  
  110  7:06  Overlord  
  113  7:08  Drone  
  113  7:11  Extractor x2  
  113  7:12  Zergling x4  
  113  7:15  Zergling x2  
  115  7:18  Zergling x4  
  117  7:24  Zergling x2  
  117  7:25  Hatchery  
  117  7:29  Zergling x4  
  119  7:31  Zergling x6  
  113  7:37  Zergling x4  
  113  7:39  Drone  
  113  7:41  Zergling x6  
  109  7:46  Zergling x6  
  109  7:48  Drone  
  110  7:51  Drone x2  
  110  7:57  Queen  
  102  7:59  Zergling x2  
  102  8:01  Queen  
  102  8:03  Drone  
  102  8:04  Drone  
  100  8:10  Drone x2  
  102  8:13  Overlord  
  102  8:15  Drone x3  
  102  8:19  Roach  
  107  8:23  Roach  
  109  8:27  Overlord  
  109  8:30  Roach  
  109  8:33  Drone  
  109  8:36  Drone  
  109  8:37  Roach x2  
  109  8:39  Zergling x6  
  116  8:41  Zergling x2  
  116  8:42  Zergling x2  
  116  8:46  Zergling x2  
  116  8:48  Baneling Nest  
  118  8:52  Zergling x4, Queen  
  118  8:53  Drone x2, Hatchery  
  118  8:55  Ravager x7  
  128  8:56  Ravager x3  
  128  8:59  Roach  
  128  9:00  Zergling x2  
  128  9:02  Roach  
  136  9:06  Drone x2  
  136  9:08  Roach  
  140  9:12  Ravager x3  
  140  9:14  Zergling x8  
  147  9:18  Roach x2  
  147  9:20  Overlord  
  147  9:24  Zergling x4  
  153  9:25  Roach  
  149  9:35  Roach x4  
  149  9:38  Zergling x8  
  158  9:41  Roach x2  
  158  9:43  Zergling x2  
  158  9:44  Zergling x2  
  128  9:45  Zergling x2  
  128  9:46  Zergling x2  
  128  9:48  Roach  
  127  9:53  Ravager  
  127  9:54  Ravager x4  
  127  9:59  Zergling x10  
  137  10:05  Roach x3  
  143  10:10  Zergling x6  
  143  10:13  Zergling x2  
  143  10:15  Roach  
  143  10:16  Zergling x2  
  133  10:22  Roach x5  
  133  10:23  Zergling x4  
  133  10:24  Zergling x2  
  133  10:27  Zergling x2  
  133  10:29  Zergling x8  
  118  10:37  Zergling x4  
  118  10:38  Roach  
  118  10:39  Zergling x2  
  110  10:44  Zergling x2  
  110  10:45  Zergling x2  
  110  10:47  Centrifical Hooks  
  99  10:51  Ravager x5  
  99  10:56  Roach x2  
  108  11:00  Ravager  
  108  11:02  Zergling x6, Hatchery  
  111  11:08  Pneumatized Carapace  
  111  11:12  Zergling x10  
  111  11:14  Roach  
  111  11:16  Zergling x4  
  118  11:34  Zergling x2, Roach x2  
  118  11:35  Zergling x18  
  118  11:36  Zergling x4  
  118  11:37  Ravager  
  135  11:45  Baneling x3  
  135  11:57  Baneling  
  135  11:58  Drone x3  
  135  11:59  Drone x9  
  147  12:04  Ravager x4  
  147  12:05  Ravager  
  147  12:06  Roach x2  
  147  12:07  Zergling x6  
  159  12:09  Zergling x2  
  159  12:10  Zergling x2  
  159  12:12  Baneling x3  
  159  12:13  Baneling  
  159  12:14  Baneling x2  
  160  12:15  Baneling x2  
  160  12:18  Baneling x4  
  160  12:20  Zergling x2  
  161  12:26  Zergling x10  
  161  12:29  Zergling x4  
Show
View Real Time Build Order
Export as new Build Order

LiquidMaNa Protoss - Winner!

Build Orders: 1 Gate Expand, Zealot Archon, Dark Templar Rush 

Get SALT Encoding   

  12  0:00  Probe (Chrono Boost)  
  13  0:11  Probe (Chrono Boost)  
  14  0:17  Pylon  
  14  0:22  Probe (Chrono Boost)  
  15  0:36  Probe (Chrono Boost)  
  15  0:38  Gateway  
  16  0:46  Probe (Chrono Boost)  
  16  0:49  Assimilator  
  18  0:57  Probe (Chrono Boost)  
  18  1:07  Probe (Chrono Boost)  
  19  1:22  Nexus  
  19  1:33  Cybernetics Core  
  19  1:36  Probe (Chrono Boost)  
  20  1:42  Assimilator  
  20  1:46  Probe (Chrono Boost)  
  21  1:53  Pylon  
  21  1:57  Probe (Chrono Boost)  
  22  2:07  Probe (Chrono Boost)  
  23  2:10  Warp Gate  
  23  2:13  Stalker  
  25  2:18  Probe (Chrono Boost)  
  26  2:29  Mothership Core (Chrono Boost)  
  28  2:35  Probe (Chrono Boost)  
  29  2:41  Twilight Council  
  29  2:45  Probe (Chrono Boost)  
  29  2:47  Probe (Chrono Boost)  
  31  2:56  Probe (Chrono Boost)  
  31  2:58  Probe (Chrono Boost)  
  33  3:06  Probe (Chrono Boost)  
  33  3:07  Robotics Facility  
  33  3:08  Probe (Chrono Boost)  
  35  3:17  Probe (Chrono Boost)  
  35  3:19  Probe (Chrono Boost)  
  37  3:27  Dark Shrine, Probe (Chrono Boost)  
  37  3:29  Probe (Chrono Boost)  
  39  3:38  Probe (Chrono Boost)  
  41  3:41  Probe (Chrono Boost)  
  41  3:43  Pylon  
  41  3:48  Probe (Chrono Boost)  
  41  3:50  Warp Prism  
  41  3:54  Gateway  
  43  3:57  Gateway  
  43  4:02  Gateway  
  43  4:05  Probe (Chrono Boost)  
  43  4:06  Probe (Chrono Boost)  
  45  4:13  Pylon  
  45  4:15  Adept  
  47  4:17  Assimilator  
  47  4:18  Assimilator  
  47  4:22  Probe (Chrono Boost)  
  47  4:23  Probe (Chrono Boost)  
  49  4:29  Pylon  
  49  4:32  Observer  
  49  4:33  Probe (Chrono Boost)  
  49  4:35  Probe (Chrono Boost), Pylon  
  52  4:48  Probe x2 (Chrono Boost)  
  54  4:58  Dark Templar  
  54  4:59  Dark Templar x2  
  60  5:02  Dark Templar  
  60  5:05  Probe x2 (Chrono Boost)  
  64  5:15  Nexus  
  64  5:18  Probe x2 (Chrono Boost)  
  66  5:28  Probe x2 (Chrono Boost)  
  68  5:29  Resonating Glaives  
  68  5:35  Adept  
  70  5:36  Pylon  
  70  5:39  Probe (Chrono Boost)  
  72  5:42  Probe (Chrono Boost)  
  72  5:45  Immortal  
  72  5:49  Archon, Pylon  
  76  5:50  Probe (Chrono Boost)  
  76  5:53  Archon  
  76  5:56  Probe (Chrono Boost)  
  78  6:00  Probe (Chrono Boost)  
  78  6:03  Adept, Sentry  
  78  6:04  Sentry  
  85  6:07  Pylon  
  85  6:09  Pylon  
  85  6:19  Immortal  
  89  6:29  Probe (Chrono Boost)  
  89  6:31  Gateway x2  
  90  6:33  Gateway  
  90  6:37  Probe x2 (Chrono Boost)  
  93  6:41  Probe (Chrono Boost)  
  93  6:50  Adept x2  
  93  6:53  Immortal  
  97  6:55  Probe x2 (Chrono Boost)  
  97  6:56  Probe (Chrono Boost)  
  97  7:00  Templar Archives  
  104  7:06  Assimilator x2  
  104  7:09  Pylon  
  104  7:12  Adept x2, Pylon  
  104  7:13  Adept x2  
  112  7:34  Adept x3  
  118  7:43  Adept x2  
  118  7:44  Adept x2  
  122  7:46  Psionic Storm  
  122  7:50  Probe (Chrono Boost)  
  122  7:51  Immortal  
  122  7:52  Probe (Chrono Boost)  
  118  8:07  High Templar x3  
  118  8:08  Pylon  
  118  8:12  Zealot, High Templar  
  128  8:19  Pylon  
  128  8:21  Forge  
  128  8:24  Nexus  
  128  8:31  Charge  
  128  8:35  Adept x3  
  128  8:40  Immortal, Pylon  
  134  8:41  Pylon  
  138  8:55  Protoss Ground Weapons Level 1  
  138  8:56  Photon Cannon  
  138  8:58  Photon Cannon x2  
  138  9:00  Adept x2  
  138  9:01  Adept x3  
  148  9:09  Adept  
  150  9:14  Immortal  
  150  9:16  Photon Cannon  
  154  9:31  Adept x6  
  138  9:54  Dark Templar x2  
  138  9:55  Zealot x3, Dark Templar x2  
  138  9:59  Archon  
  152  10:00  Archon  
  150  10:15  Immortal  
  150  10:19  Zealot x2  
  150  10:20  Zealot  
  128  10:31  Zealot x3  
  128  10:33  Protoss Ground Weapons Level 2  
  120  10:42  Zealot x3  
  96  10:52  Zealot, High Templar x4  
  96  10:53  Zealot x2  
  96  10:54  Warp Prism  
  106  10:57  Assimilator x2  
  106  10:58  Gateway  
  106  10:59  Photon Cannon, Gateway  
  106  11:00  Gateway  
  106  11:01  Photon Cannon  
  106  11:02  Photon Cannon  
  108  11:19  Zealot x3  
  113  11:26  Dark Templar x3  
  113  11:27  Dark Templar  
  113  11:31  Archon  
  113  11:32  Archon  
  121  11:38  Probe x2 (Chrono Boost)  
  121  11:39  Probe (Chrono Boost), Sentry x2  
  128  11:40  Sentry  
  128  11:44  Photon Cannon  
  130  11:47  Pylon  
  130  11:48  Immortal  
  134  11:57  Adept  
  134  12:01  Dark Templar x4  
  142  12:02  Zealot x2  
  142  12:05  Archon x2  
  142  12:06  Adept  
  142  12:07  Adept  
  152  12:10  Adept x2, Dark Templar  
  154  12:28  Zealot x3  
  156  12:35  Zealot x5  
  156  12:37  Zealot  
  156  12:43  Archon x2  
Tags
 
Add a new tag
Caveats
  • Supply blocks, unpowered buildings, or Contaminate may cause inaccurate times.
  • Supply counts are checked every 10 seconds.